 Dungeon Crawl Stone Soup version 0.31.0-1-g2c135a008e (webtiles) character file.

Game seed: 10288363220249821563

60 qw the Shooter (level 4, 0/35 HPs)
             Began as a Djinni Hunter on Jan 24, 2024.
             Slain by a gnoll
             ... wielding a +0 halberd
              (5 damage)
             ... on level 2 of the Dungeon.
             The game lasted 00:00:03 (1106 turns).

qw the Shooter (Djinni Hunter)                      Turns: 1106, Time: 00:00:03

Health: 0/35       AC:  6    Str: 10    XL:     4   Next: 24%
Gold:   87         EV: 12    Int: 11    God:
                   SH:  0    Dex: 18

rFire   + + .        a - +3 shortbow
rCold   x . .        (shield currently unavailable)
rNeg    . . .        c - +2 troll leather armour
rPois   inf          d - +0 helmet
rElec   .            (no cloak)
rCorr   .            (no gloves)
SInv    .            (boots unavailable)
Will    .....        (no amulet)
Stlth   ++           (no ring)
HPRegen 1.05/turn    (no ring)
MPRegen 0.00/turn

%: infuse magic (-1 HP)
@: flying
A: sickness immunity, fire resistance 2, cold vulnerability 1, float, innate
caster, HP casting, extra vitality 1
a: no special abilities


You were on level 2 of the Dungeon.
You visited 1 branch of the dungeon, and saw 2 of its levels.

You collected 87 gold pieces.


Innate Abilities, Weirdness & Mutations

You are immune to sickness and miasma.
You are immune to poison.
Your flesh is very heat resistant. (rF++)
You are vulnerable to cold. (rC-)
You float through the air rather than walking.
You learn spells naturally, not from books.
Your magical power is your life essence.
You have superior vitality. (+4 MHP)


   Skills:
 - Level 3.0 Fighting
 - Level 4.1 Ranged Weapons
 + Level 2.1 Dodging
 - Level 0.7 Stealth


You knew the following spells:

 Your Spells              Type           Power      Damage    Failure   Level
a - Necrotise             Necr           0%         1d4       43%         1
Your spell library was empty.

Inventory:

Hand Weapons
 a - a +3 shortbow (weapon)
Armour
 c - a +2 troll leather armour (worn)
 d - a +0 helmet (worn)
Scrolls
 b - 3 scrolls of fear {unknown}

Dungeon Overview and Level Annotations

Branches:
Dungeon (2/15)

Altars:


Message History

You have reached level 4!
You feel clever.
You shoot an arrow. The arrow closely misses the gnoll.
You shoot an arrow. The arrow hits the gnoll.
The gnoll is heavily wounded.
The gnoll hits you from afar with a +0 spear.
You shoot an arrow. The arrow closely misses the gnoll.
The gnoll barely misses you.
A gnoll comes into view. It is wielding a +0 halberd.
A gnoll comes into view. It is wielding a +0 spear.
The gnoll misses you.
1097 ||| RETREEEEATING.
The gnoll attacks as it pursues you!
The gnoll hits you from afar with a +0 spear.
You shoot an arrow. The arrow hits the gnoll.
The gnoll is almost dead.
The gnoll barely misses you.
1099 ||| RETREEEEATING.
You shoot an arrow. The arrow closely misses the gnoll.
The gnoll hits you from afar with a +0 spear.
You shoot an arrow. The arrow hits the gnoll.
You kill the gnoll!
Your Fighting skill increases to level 3!
You shoot an arrow. The arrow hits the gnoll.
The gnoll is moderately wounded.
The gnoll hits you from afar with a +0 halberd.
You shoot an arrow. The arrow hits the gnoll.
The gnoll is moderately wounded.
The gnoll hits you from afar with a +0 halberd.
The gnoll hits you from afar with a +0 halberd!
You shoot an arrow. The arrow barely misses the gnoll. x2
The gnoll hits you from afar with a +0 halberd!
You shoot an arrow. The arrow hits the gnoll.
The gnoll is moderately wounded.
The gnoll barely misses you.
You shoot an arrow.
The arrow hits the gnoll but does no damage.
The gnoll is moderately wounded.
The gnoll hits you from afar with a +0 halberd!
The gnoll hits you from afar with a +0 halberd.
You die...

#### g.g. ####..###
.......g# #g# # #.#
####. #@# ......#.##
#### .........#######
#... ###...)........#
#.##
#.......####.######.##
#...###.)...........##
#### ######.#########
#.# # #[# #


You could see 2 gnolls.

Vanquished Creatures
  2 gnolls (D:2)
  2 adders (D:2)
  2 endoplasms (D:1)
  2 giant cockroaches (D:1)
  3 goblins
  A hobgoblin (D:2)
  A quokka (D:1)
  2 ball pythons (D:2)
  2 frilled lizards (D:1)
  5 kobolds
  A rat (D:1)
23 creatures vanquished.

Notes
Turn   | Place    | Note
-------+----------+-------------------------------------------
     0 | D:1      | qw the Djinni Hunter began the quest for the Orb.
     0 | D:1      | Reached XP level 1. HP: 18/18 MP: 0/0
     0 | D:1      | 0 ||| qw: Version: 0.3-a-136-gdd3b4e8
     0 | D:1      | 0 ||| qw: Game counter: 1446
     0 | D:1      | 0 ||| qw: Melee chars always use a shield: true
     0 | D:1      | 0 ||| qw: God list: Okawaru
     0 | D:1      | 0 ||| qw: Allow faded altars: false
     0 | D:1      | 0 ||| qw: Do Orc after clearing Dungeon:15 true
     0 | D:1      | 0 ||| qw: Do second Lair branch before Depths: true
     0 | D:1      | 0 ||| qw: Lair rune preference: random
     0 | D:1      | 0 ||| qw: Goals: Normal
     0 | D:1      | 0 ||| PLANNING D:1-11
     5 | D:1      | 5 ||| DROPPING scroll of butterflies.
   170 | D:1      | Reached XP level 2. HP: 23/23 MP: 0/0
   848 | D:1      | 848 ||| UPGRADING to +0 ring mail.
   858 | D:1      | 858 ||| DROPPING +0 leather armour.
   859 | D:1      | 859 ||| UPGRADING to +0 helmet.
   864 | D:1      | 864 ||| READING scroll labelled QOIWNU SESE.
   864 | D:1      | Identified a scroll of acquirement
   864 | D:1      | 864 ||| ACQUIRING +2 troll leather armour
   864 | D:1      | Acquired a +2 troll leather armour
   866 | D:1      | 866 ||| UPGRADING to +2 troll leather armour.
   876 | D:1      | 876 ||| DROPPING +0 ring mail.
   877 | D:1      | 877 ||| READING scroll labelled KADWUNOY HUFFO.
   978 | D:1      | 978 ||| READING scroll labelled EFFOKHL BYSIC.
   978 | D:1      | 978 ||| IDENTIFYING scroll labelled OLEDGH RUZOTI
   979 | D:1      | 979 ||| READING 3 scrolls labelled VOGEWNAYMU.
   979 | D:1      | 979 ||| ENCHANTING +0 shortbow.
   980 | D:1      | 980 ||| READING 2 scrolls of enchant weapon.
   980 | D:1      | 980 ||| ENCHANTING +1 shortbow.
   981 | D:1      | 981 ||| READING scroll of enchant weapon.
   981 | D:1      | 981 ||| ENCHANTING +2 shortbow.
   982 | D:1      | 982 ||| DROPPING scroll of silence.
  1006 | D:2      | Found a faded altar of an unknown god.
  1024 | D:2      | Reached skill level 4 in Ranged Weapons
  1024 | D:2      | Reached XP level 3. HP: 28/28 MP: 0/0
  1024 | D:2      | Learned a level 1 spell: Necrotise
  1094 | D:2      | Reached XP level 4. HP: 34/34 MP: 0/0
  1097 | D:2      | 1097 ||| RETREEEEATING.
  1099 | D:2      | 1099 ||| RETREEEEATING.
  1102 | D:2      | Reached skill level 3 in Fighting
  1106 | D:2      | HP: 5/35 [gnoll/+0 halberd (8)]
  1106 | D:2      | Slain by a gnoll

Levels and vault maps discovered:
D:1:      scummos_arrival_star, layout_basic, moated_statue,
          minmay_misc_feat_roman, chequers_avenue
D:2:      layout_loops_ring, nicolae_ecumenical_pavilion, uniq_robin

Skill      XL: |  1  2  3  4 |
---------------+-------------+-----
Ranged Weapons | 4 |  4.1
Fighting       | 3 |  3.0
Dodging        | |  2.1
Stealth        | |  0.7

Action                     |  1- 3 |  4- 6 || total
---------------------------+-------+-------++-------
   Fire: Shortbow          |    51 |    11 ||    62
    Use: Scroll            |     6 |       ||     6
 Armour: Leather armour    |     2 |       ||     2
         Troll leather arm |     1 |     9 ||    10
  Dodge: Dodged            |    12 |     4 ||    16

Table legend:
 A = Non-vault XP
 B = Vault XP
 C = Vault XP percentage of total XP
 D = Non-vault monster count
 E = Vault monster count
 F = Vault count percentage of total count
                 A         B        C        D         E       F
            +---------+---------+-------+---------+---------+-------
      Total |      86 |       0 |   0.0 |      23 |       0 |   0.0
            +---------+---------+-------+---------+---------+-------
        D:1 |      21 |       0 |   0.0 |      13 |       0 |   0.0
        D:2 |      65 |       0 |   0.0 |      10 |       0 |   0.0
            +---------+---------+-------+---------+---------+-------
